 Dungeon Crawl Stone Soup version 0.28.0-49-g6dfe1f597d (webtiles) character file.

Game seed: 9938941773395037960

41 pkoi the Insei (level 3, -1/43 HPs)
             Began as a Demigod Gladiator on May 16, 2022.
             Frozen to death by an endoplasm (3 damage)
             ... on level 2 of the Dungeon.
             The game lasted 00:01:59 (1372 turns).

pkoi the Insei (Demigod Gladiator)                  Turns: 1372, Time: 00:01:59

Health: -1/43      AC: 21    Str: 15    XL:     3   Next: 16%
Magic:  5/5        EV:  2    Int: 14    God:
Gold:   25         SH:  0    Dex: 15    Spells: 2/2 levels left

rFire   . . .      SeeInvis .   d - +0 dagger
rCold   . . .      Faith    .   (no shield)
rNeg    . . .      Spirit   .   (armour currently unavailable)
rPois   +          Reflect  .   (helmet currently unavailable)
rElec   .          Harm     .   (cloak currently unavailable)
rCorr   .          Rampage  .   (gloves currently unavailable)
Will    .....      NoTele   +   (boots currently unavailable)
Stlth   ++........              (no amulet)
HPRegen 0.14/turn               (no ring)
MPRegen 0.09/turn               (no ring)

@: brilliant, tree-form, hasted (expiring), studying Short Blades, very quick
A: stationary, stasis, torment immunity, boosted hp, high MP 1, forlorn, divine
attributes
a: no special abilities


You were on level 2 of the Dungeon.
You were a tree.
You visited 1 branch of the dungeon, and saw 2 of its levels.

You collected 25 gold pieces.

Inventory:

Hand Weapons
 d - a +0 dagger (weapon)
Missiles
 c - 3 throwing nets (quivered)
Armour
 a - a +0 leather armour (melded)
 b - a +1 helmet (melded)
Scrolls
 f - 2 scrolls of enchant armour


   Skills:
 + Level 2.0 Fighting
 + Level 1.1 Short Blades
 - Level 1.7 Throwing
 - Level 2.6 Dodging
 + Level 0.8 Stealth
 - Level 3.6 Unarmed Combat


You had 2 spell levels left.
You didn't know any spells.
Your spell library was empty.

Dungeon Overview and Level Annotations

Branches:
Dungeon (2/15)

Shops:
D:2 :


Innate Abilities, Weirdness & Mutations

You are a tree.
Your roots penetrate the ground, keeping you stationary.
You cannot be teleported.
You are immune to unholy pain and torment.
Your maximum health is greatly increased.
Your equipment is partially melded.
You have an increased reservoir of magic. (+10% MP)
You shall have no god before yourself.
Your divine heritage dramatically boosts your attributes as you level up.


Message History

The bat hits you but does no damage.
The quokka bites you but does no damage.
Unknown command.
You hit the quokka.
You kill the quokka!
The bat hits you but does no damage.
Unknown command.
You barely miss the bat. The bat hits you but does no damage.
Unknown command.
You closely miss the hobgoblin.
An endoplasm comes into view.
Unknown command.
The endoplasm quivers.
You hit the hobgoblin.
The hobgoblin is heavily wounded.
The hobgoblin hits you but does no damage.
The bat hits you but does no damage.
Unknown command.
You hit the hobgoblin.
You kill the hobgoblin!
The bat hits you but does no damage.
Unknown command.
You closely miss the bat. The bat hits you but does no damage.
Unknown command.
You hit the bat but do no damage.
Your extra speed is starting to run out.
The bat hits you but does no damage.
Unknown command.
You hit the bat.
You kill the bat!
Unknown command.
You aren't carrying any items that you can evoke.
You aren't carrying any potions.
Okay, then.
Unknown command.
You hit the endoplasm but do no damage. You hit the endoplasm but do no damage.
The endoplasm freezes you.
You are frozen.
You die...

,,*,**,* *,,* *,*
,,*,**+*#######.* *,*
,,*,,,,..∩....!.* *,*
***,,,,.........## *,*****
***,,,.........>.# *,,,,,*
,,,,,..........#.##*,***,*
,..............≈≈≈##,,*,,*
,..............#≈..#,*,≈**
,,.............J♣.#,,*≈≈*
,,,#...(.......#)..#,≈≈**
,,,#...........###≈#,≈,*
***#..........r###≈..,****
###..............≈≈.#≈≈≈*
#...........#.....≈..≈***
#...........#.....≈≈.≈#
#...........#......≈≈.#
#..................>≈**


You could see an endoplasm.

Vanquished Creatures
  An adder (D:2)
  A dart slug (D:2)
  4 endoplasms (D:1)
  2 giant cockroaches (D:1)
  5 goblins
  3 hobgoblins (D:2)
  2 quokkas
  4 ball pythons (D:1)
  2 bats
  A kobold (D:1)
  2 rats (D:2)
27 creatures vanquished.

Notes
Turn   | Place    | Note
-------+----------+-------------------------------------------
     0 | D:1      | pkoi the Demigod Gladiator began the quest for the Orb.
     0 | D:1      | Reached XP level 1. HP: 17/17 MP: 3/3
   159 | D:1      | Reached skill level 3 in Unarmed Combat
   226 | D:1      | Reached XP level 2. HP: 14/24 MP: 4/4
  1116 | D:1      | Identified a scroll of acquirement
  1116 | D:1      | Acquired a manual of Short Blades
  1322 | D:2      | Found Pareopp's Book Emporium.
  1341 | D:2      | Reached skill level 1 in Short Blades
  1341 | D:2      | Reached XP level 3. HP: 7/29 MP: 5/5
  1357 | D:2      | HP: 2/43 [quokka (1)]
  1372 | D:2      | Frozen to death by an endoplasm

Illustrated notes

Levels and vault maps discovered:
D:1:      mrwooster_arrival_arrow, layout_loops_corners,
          hellmonk_ecumenical_altar_blasted, minmay_stone_trees_small
D:2:      layout_basic, serial_shops, shop, corexii_leaking_fountain,
          chequers_serial_rivers_small_b, due_unseen_surprise

Skill      XL: |  1  2 |
---------------+-------+-----
Unarmed Combat | 3 |  3.6
Fighting       | 2 |  2.0
Short Blades   | 1 |  1.1
Throwing       | |  1.7
Dodging        | |  2.6
Stealth        | |  0.8

Action                   || total
-------------------------++-------
Melee: Unarmed           ||    45
       Dagger            ||    68
  Use: Scroll            ||     4
       Potion            ||     3
 Stab: Sleeping          ||     3
Armor: Leather armour    ||    44
       Skin              ||    10
Dodge: Dodged            ||    87
